 Dungeon Crawl Stone Soup version 0.13-a0-2060-gccfd96d (webtiles) character file.

221 JacquesDerrida the Poker (level 4, -5/35 HPs)
             Began as a Demonspawn Gladiator on June 26, 2013.
             Slain by an orc
             ... wielding a +0,+0 orcish hammer
              (7 damage)
             ... on Level 3 of the Dungeon.
             The game lasted 00:04:10 (1725 turns).

JacquesDerrida the Poker (Demonspawn Gladiator)     Turns: 1725, Time: 00:04:11

HP  -5/35        AC  7     Str 16      XL: 4   Next: 29%
MP   3/3         EV 12     Int 10      God:
Gold 133         SH  0     Dex 13      Spells:  0 memorised,  3 levels left

Res.Fire  : . . .   See Invis. : .   a - +0 trident
Res.Cold  : . . .   Warding    : .   b - +0 leather armour
Life Prot.: . . .   Conserve   : .   (no shield)
Res.Poison: .       Res.Corr.  : +   (helmet restricted)
Res.Elec. : .       Clarity    : .   (no cloak)
Sust.Abil.: . .     Spirit.Shd : .   (no gloves)
Res.Mut.  : .       Stasis     : .   t - +0 pair of boots
Res.Rott. : .       Flight     : .   v - amulet of resist corrosion {unknown}
Saprovore : . . .                    (no ring)
                                     o - ring of wizardry

@: slightly resistant to hostile enchantments, very unstealthy
A: antennae 1, AC +3
a: no special abilities


You were on level 3 of the Dungeon.
You were not hungry.

You visited 1 branch of the dungeon, and saw 3 of its levels.

You collected 113 gold pieces.

Inventory:

Hand weapons
 a - a +0,+0 trident (weapon)
Missiles
 d - 3 throwing nets (quivered)
Armour
 b - a +0 leather armour (worn)
 c - a +0 helmet
 t - a +0 pair of boots (worn)
Comestibles
 f - 4 bread rations
 p - a pear
Scrolls
 g - 4 scrolls of fog {unknown}
 h - a scroll of magic mapping {unknown}
 i - a scroll of enchant weapon I {unknown}
 k - a scroll of noise {unknown}
 l - 2 scrolls of teleportation {unknown}
 m - a scroll of recharging {unknown}
 n - 3 scrolls of enchant armour {unknown}
 w - a scroll of remove curse {unknown}
 x - a scroll of curse weapon {unknown}
Jewellery
 o - a ring of wizardry (left hand)
 q - an uncursed ring of fire
 v - an amulet of resist corrosion (around neck) {unknown}
Potions
 e - a potion of cure mutation {unknown}
 j - a potion of curing {unknown}
 s - a potion of speed {unknown}
 u - a potion of brilliance {unknown}


   Skills:
 - Level 2.0 Fighting
 + Level 4.6 Polearms
 - Level 1.7 Throwing
 - Level 2.6 Dodging


You had 3 spell levels left.
You didn't know any spells.

Dungeon Overview and Level Annotations

Branches:
Dungeon (3/27)

Altars:

Annotations
D:3 1 exclusion


Innate Abilities, Weirdness & Mutations

You have a pair of small antennae on your head.
You are mostly covered in thin metallic scales (AC +3).


Message History

You resist.
An orc comes into view. It is wielding an orcish club.
An orc comes into view. It is wielding a runed orcish dagger.
Found a scroll labeled VEDION LUFF.
You completely miss the orc wizard. The orc wizard barely misses you.
You closely miss the orc wizard.
The orc wizard hits you but does no damage.
You are electrocuted!
Ouch! That really hurt!
The orc hits you with an orcish hammer.
You hit the orc wizard.
The orc wizard is lightly wounded.
The orc wizard hits you but does no damage.
You hit the orc wizard.
The orc wizard is heavily wounded.
The orc wizard casts a spell at you. The magic dart hits you!
* * * LOW HITPOINT WARNING * * *
The orc hits you with an orcish hammer!
You die...

♣♣.♣♣♣♣ #.. ♣♣.
#?....# ##.....##
....... #.....#
#..o..# #...%.#
#..oo.# #..@o.#
###.### ##.# ##..#
#..## #####%#####
##########.........#
......%..'..^......+
##########.........#


You could see an orc wizard and 3 orcs.

Vanquished Creatures
  4 adders
  2 worms
  4 giant geckos
  3 bats (D:2)
  3 goblins (D:1)
  4 hobgoblins
  2 quokkas
  A ball python (D:2)
  4 giant cockroaches
  2 giant newts (D:3)
  3 kobolds
  7 rats
39 creatures vanquished.

Vanquished Creatures (others)
  A rat (D:1)
1 creature vanquished.

Grand Total: 40 creatures vanquished

Notes
Turn   | Place    | Note
--------------------------------------------------------------
     0 | D:1      | JacquesDerrida, the Demonspawn Gladiator, began the quest for the Orb.
     0 | D:1      | Reached XP level 1. HP: 17/17 MP: 0/0
    60 | D:1      | Reached skill level 3 in Polearms
   192 | D:1      | Gained mutation: You are partially covered in thin metallic scales (AC +2). [demonic ancestry]
   192 | D:1      | Reached XP level 2. HP: 23/23 MP: 1/1
   947 | D:2      | Gained mutation: You have a pair of small antennae on your head. [demonic ancestry]
   947 | D:2      | Reached XP level 3. HP: 24/28 MP: 2/2
   964 | D:2      | Reached skill level 4 in Polearms
  1515 | D:2      | Gained mutation: You are mostly covered in thin metallic scales (AC +3). [demonic ancestry]
  1515 | D:2      | Reached XP level 4. HP: 35/35 MP: 3/3
  1725 | D:3      | Slain by an orc

Action                   |  1- 3 |  4- 6 || total
-------------------------+-------+-------++-------
Melee: Trident           |   106 |    35 ||   141
 Stab: Sleeping          |       |     1 ||     1
